 Dungeon Crawl Stone Soup version 0.30-a0-722-g3e6e8c874d (webtiles) character file.

Game seed: 3716339972447201150

33 Dittersdorf the Covered (level 3, -4/24 HPs)
             Began as a Gargoyle Fighter on Jan 27, 2023.
             Slain by Sigmund
             ... wielding a +0 scythe
              (7 damage)
             ... on level 3 of the Dungeon.
             The game lasted 00:01:11 (1394 turns).

Dittersdorf the Covered (Gargoyle Fighter)          Turns: 1394, Time: 00:01:12

Health: -4/24      AC: 10    Str: 21    XL:     3   Next: 29%
Magic:  3/3        EV:  9    Int:  8    God:
Gold:   115        SH:  4    Dex:  9    Spells: 2/2 levels left

rFire   . . .      SeeInvis .    a - +0 flail
rCold   . . .      Faith    .    c - +0 buckler
rNeg    + . .      Spirit   .    b - +0 scale mail
rPois   ∞          Reflect  .    (no helmet)
rElec   +          Harm     .    (no cloak)
rCorr   .          Rampage  .    (no gloves)
Will    .....                    (no boots) Stlth
                                 (no amulet)
HPRegen 0.24/turn                (no ring)
MPRegen 0.08/turn                (no ring)

@: mighty
A: sickness immunity, AC +3, negative energy resistance 1, electricity
resistance, torment resistance 1, petrification resistance
a: no special abilities


You were on level 3 of the Dungeon.
You visited 1 branch of the dungeon, and saw 3 of its levels.

You collected 115 gold pieces.

Inventory:

Hand Weapons
 a - a +0 flail (weapon)
Armour
 b - a +0 scale mail (worn)
 c - a +0 buckler (worn)
Jewellery
 e - a ring of magical power
Scrolls
 g - 2 scrolls of fog {unknown}
 h - 2 scrolls of immolation {unknown}
 l - a scroll of magic mapping {unknown}
 n - a scroll of fear {unknown}
 o - a scroll of identify {unknown}
 r - a scroll of enchant weapon {unknown}
Potions
 f - a potion of lignification {unknown}
 i - a potion of haste {unknown}
 j - 2 potions of attraction {unknown}
 k - a potion of invisibility {unknown}
 m - a potion of brilliance {unknown}
 p - a potion of flight {unknown}
 q - 2 potions of curing {unknown}


   Skills:
 + Level 3.6 Fighting
 + Level 2.4 Maces & Flails
 + Level 3.7 Armour
 + Level 3.7 Shields


You had 2 spell levels left.
You didn't know any spells.
Your spell library contained the following spells:

 Spells                   Type           Power      Damage    Failure   Level
 Apportation              Tloc           0%         N/A       83%         1
 Blink                    Tloc           0%         N/A       93%         2
 Ensorcelled Hibernation  Hex/Ice        0%         N/A       93%         2
 Ozocubu's Armour         Ice            0%         N/A       99%         3
 Spider Form              Tmut/Pois      0%         N/A       99%         3
 Anguish                  Hex/Necr       0%         N/A       100%        4
 Manifold Assault         Tloc           0%         N/A       100%        4
 Alistair's Intoxication  Tmut/Pois      0%         N/A       100%        5
 Metabolic Englaciation   Hex/Ice        0%         N/A       100%        5
 Simulacrum               Ice/Necr       0%         N/A       100%        6
 Storm Form               Tmut/Air       0%         N/A       100%        7


Dungeon Overview and Level Annotations

Branches:
Dungeon (3/15)

Altars:

Annotations:
D:3 Sigmund


Innate Abilities, Weirdness & Mutations

You are immune to sickness and miasma.
Your stone body is resilient. (AC +3)
You are immune to poison.
You resist negative energy. (rN+)
You are resistant to electric shocks. (rElec)
You are resistant to unholy torment.
You are immune to petrification.


Message History

The endoplasm is severely wounded.
The endoplasm hits you.
You thump the endoplasm!
You kill the endoplasm!
No target in view!
No target in view!
No target in view!
No target in view!
HP restored.
You now have 115 gold pieces (gained 12).
Found a scroll labelled JIECANOISA.
Sigmund shouts!
Sigmund hits you with a +0 scythe.
You closely miss Sigmund. You barely miss Sigmund.
Sigmund hits you with a +0 scythe.
You feel very mighty all of a sudden. Sigmund hits you but does no damage.
You barely miss Sigmund.
Sigmund mumbles some strange words.
Sigmund flickers and vanishes!
Deactivating autopickup; reactivate with Ctrl-A.
You barely miss something. Something hits you.
You barely miss something.
You hear some strange, mumbled words.
Something tries to affect you, but you resist.
You closely miss something. Something hits you.
You miss something. Something hits you.
You miss something. Something hits you but does no damage.
You miss something. Something hits you but does no damage.
You miss something.
You hear some strange, mumbled words.
A magic dart appears from out of thin air!
The magic dart hits you.
You closely miss something.
You hear some strange, mumbled words.
A puff of flame appears from out of thin air!
The puff of flame hits you!
* * * LOW HITPOINT WARNING * * *
You sock something! Something hits you!
You die...

#.. #.. # #..?...#. #.. #.
#........ . #..###
#.##......# ####
..#....#####..........#
.... .............
........#.....
.....<.....#..##......#....
...........................
...............{@.....#
..........!#...##.....# #.#
.............. ####..# ..
..@........#.#.#####.## #.#
#..........# #.......#
###.# #..........#
#.###..## #...# #..## #...#
#...###...# # #.#..##...#


There were no monsters in sight!

Vanquished Creatures
  2 adders (D:2)
  3 endoplasms
  A ball python (D:2)
  A bat (D:1)
  2 frilled lizards (D:1)
  2 goblins (D:2)
  5 kobolds
  3 rats
19 creatures vanquished.

Notes
Turn   | Place    | Note
-------+----------+-------------------------------------------
     0 | D:1      | Dittersdorf the Gargoyle Fighter began the quest for the
                  | Orb.
     0 | D:1      | Reached XP level 1. HP: 14/14 MP: 1/1
     0 | D:1      | Noticed a vampire
     1 | D:1      | Noticed a demigod
     2 | D:1      | Noticed a human
     6 | D:1      | Noticed a ghoul
     7 | D:1      | Noticed a demonspawn
     8 | D:1      | Noticed a vine stalker
    11 | D:1      | Noticed a demigod
    11 | D:1      | Noticed a human
    15 | D:1      | Noticed a gargoyle
    15 | D:1      | Noticed a naga
    15 | D:1      | Noticed a demonspawn
    17 | D:1      | Noticed a dwarf
    17 | D:1      | Noticed a demonspawn
    19 | D:1      | Noticed an octopode
    21 | D:1      | Noticed an elf
   203 | D:1      | Found a faded altar of an unknown god.
   616 | D:2      | Reached XP level 2. HP: 19/19 MP: 2/2
   832 | D:2      | Reached XP level 3. HP: 20/24 MP: 3/3
  1274 | D:3      | Noticed Sigmund
  1306 | D:3      | Noticed a black bear
  1394 | D:3      | Slain by Sigmund

Illustrated notes

Levels and vault maps discovered:
D:1:      shiori_arrival_whats_in_store_for_you, layout_rooms,
          hellmonk_ecumenical_altar_crossroads
D:2:      layout_basic
D:3:      layout_rooms, jmf_multi_god_temple2, serial_shops, shop,
          chequers_mini_garden, uniq_sigmund, uniq_crazy_yiuf_cottage,
          uniq_natasha

Action                     || total
---------------------------++-------
  Melee: Flail             ||    81
    Use: Potion            ||     1
 Armour: Scale mail        ||    48
  Dodge: Dodged            ||    42
  Block: Buckler           ||    17

Table legend: (Time is in decaauts)
 A = Elapsed time spent in this place.
 B = Non-inter-level travel time spent in this place.
 C = Inter-level travel time spent in this place.
 D = Time resting spent in this place.
 E = Time spent auto-exploring this place.
 F = Levels seen in this place.
 G = Mean time per level.
                   A        B        C        D        E       F      G
               +--------+--------+--------+--------+--------+-----+--------+
         Total |   1420 |   1290 |    130 |      0 |   1083 |   3 |  473.3 |
       Dungeon |   1420 |   1290 |    130 |      0 |   1083 |   3 |  473.3 |
               +--------+--------+--------+--------+--------+-----+--------+

Top non-repeatable levels by time:
     D:2: 855 daAuts
     D:1: 511 daAuts
     D:3: 54 daAuts
